BSA
AUSTIN RIVER SHARKS @ POCATELLO BOCCABELLAS
04/05/2024
 
TOP OF THE 1ST
Austin River Sharks batting - Pitching for Pocatello Boccabellas : LHP Rod Adams
Pitching: LHP Rod Adams
Batting: RHB Tyler Wagner 0-0: Ball
1-0: Fly out, F9 (Flyball, 89M)
Batting: RHB Hidetada Kichida 0-0: Ball
1-0: TRIPLE (Line Drive, 9LM)
Batting: LHB Roberto García 0-0: Called Strike
0-1: Fly out, F8 (Flyball, 78XD)
Runner from 3rd tags up, SCORES, no throw
Batting: LHB Luis Padilla 0-0: Ball
1-0: Ball
2-0: Called Strike
2-1: Ball
3-1: Foul Ball, location: 2F
3-2: Strikes out swinging
Top of the 1st over - 1 run(s), 1 hit(s), 0 error(s), 0 left on base; Austin 1 - Pocatello 0
BOTTOM OF THE 1ST
Pocatello Boccabellas batting - Pitching for Austin River Sharks : LHP Walter Bamber
Pitching: LHP Walter Bamber
Batting: RHB José Delgado 0-0: Foul Ball, location: 2F
0-1: Ball
1-1: Hit by Pitch
Batting: RHB Marlon Phipps 0-0: Called Strike
0-1: Foul Ball, location: 2F
0-2: Ball
1-2: Foul Ball, location: 2F
1-2: Ball
2-2: Grounds into double play, 5-4-3 (Groundball, 5)
Batting: RHB Francisco Sandoval 0-0: Called Strike
0-1: Ball
1-1: Foul Ball, location: 2F
1-2: Ball
2-2: Foul Ball, location: 2F
2-2: Fly out, F3 (Popup, 3F)
Bottom of the 1st over - 0 run(s), 0 hit(s), 0 error(s), 0 left on base; Austin 1 - Pocatello 0
TOP OF THE 2ND
Austin River Sharks batting - Pitching for Pocatello Boccabellas : LHP Rod Adams
Batting: RHB Rich Ruffin 0-0: Called Strike
0-1: Foul Ball, location: 2F
0-2: Strikes out swinging
Batting: LHB Pedro Zaragoza 0-0: Foul Ball, location: 2F
0-1: Foul Ball, location: 2F
0-2: Ball
1-2: Foul Ball, location: 2F
1-2: Strikes out looking
Batting: SHB Juan Castro 0-0: Called Strike
0-1: Ball
1-1: Fly out, F3 (Popup, 3)
Top of the 2nd over - 0 run(s), 0 hit(s), 0 error(s), 0 left on base; Austin 1 - Pocatello 0
BOTTOM OF THE 2ND
Pocatello Boccabellas batting - Pitching for Austin River Sharks : LHP Walter Bamber
Batting: RHB Pedro Guzmán 0-0: Ball
1-0: Ball
2-0: Foul Ball, location: 2F
2-1: SINGLE (Groundball, 6) (infield hit)
Batting: LHB Norberto Muñóz 0-0: Called Strike
0-1: Called Strike
0-2: Strikes out swinging
Batting: RHB Keith Kirkpatrick 0-0: Ball
1-0: Ball
2-0: Ball
Pedro Guzmán steals 2nd base
3-0: Base on Balls
Batting: RHB Pete Harvey 0-0: Ball
1-0: Ball
2-0: Foul Ball, location: 2F
2-1: Foul Ball, location: 2F
2-2: Fly out, F6 (Popup, 6D)
Batting: RHB Teddy Bates 0-0: Ball
1-0: Ball
2-0: Foul Ball, location: 2F
2-1: Ball
3-1: Base on Balls
Pedro Guzmán to third
Keith Kirkpatrick to second
Batting: RHB Rodrigo Gallegos 0-0: Ball
1-0: Called Strike
1-1: Foul Ball, location: 2F
1-2: Ball
2-2: DOUBLE (Flyball, 89XD)
Pedro Guzmán scores
Keith Kirkpatrick scores
Teddy Bates to third
Batting: RHB José Delgado 0-0: Ball
1-0: Fly out, F7 (Line Drive, 7LS)
Bottom of the 2nd over - 2 run(s), 2 hit(s), 0 error(s), 2 left on base; Austin 1 - Pocatello 2
TOP OF THE 3RD
Austin River Sharks batting - Pitching for Pocatello Boccabellas : LHP Rod Adams
Batting: RHB Kenneth Roberts 0-0: Ball
1-0: Foul Ball, location: 2F
1-1: Foul Ball, location: 2F
1-2: Foul Ball, location: 2F
1-2: Strikes out swinging
Batting: LHB Miguel Pérez 0-0: Ball
1-0: Called Strike
1-1: Foul Ball, location: 2F
1-2: Ground out 3-1 (Groundball, 34)
Batting: RHB Tyler Wagner 0-0: Ball
1-0: Ball
2-0: Ball
3-0: Called Strike
3-1: Fly out, F6 (Popup, 4M)
Top of the 3rd over - 0 run(s), 0 hit(s), 0 error(s), 0 left on base; Austin 1 - Pocatello 2
BOTTOM OF THE 3RD
Pocatello Boccabellas batting - Pitching for Austin River Sharks : LHP Walter Bamber
Batting: RHB Marlon Phipps 0-0: Called Strike
0-1: Fly out, F8 (Flyball, 8RXD)
Batting: RHB Francisco Sandoval 0-0: Ball
1-0: Foul Ball, location: 2F
1-1: Ball
2-1: Called Strike
2-2: Foul Ball, location: 2F
2-2: Ground out 3-1 (Groundball, 34S)
Batting: RHB Pedro Guzmán 0-0: Fly out, F3 (Popup, 3SF)
Bottom of the 3rd over - 0 run(s), 0 hit(s), 0 error(s), 0 left on base; Austin 1 - Pocatello 2
TOP OF THE 4TH
Austin River Sharks batting - Pitching for Pocatello Boccabellas : LHP Rod Adams
Batting: RHB Hidetada Kichida 0-0: Ball
1-0: Called Strike
1-1: Foul Ball, location: 2F
1-2: Strikes out looking
Batting: LHB Roberto García 0-0: Ball
1-0: Foul Ball, location: 2F
1-1: Ground out 4-3 (Groundball, 13)
Batting: LHB Luis Padilla 0-0: Ball
1-0: Foul Ball, location: 2F
1-1: Foul Ball, location: 2F
1-2: Ball
2-2: Ball
3-2: Strikes out swinging
Top of the 4th over - 0 run(s), 0 hit(s), 0 error(s), 0 left on base; Austin 1 - Pocatello 2
BOTTOM OF THE 4TH
Pocatello Boccabellas batting - Pitching for Austin River Sharks : LHP Walter Bamber
Batting: LHB Norberto Muñóz 0-0: Ball
1-0: DOUBLE (Line Drive, 78D)
Batting: RHB Keith Kirkpatrick 0-0: Fly out, F7 (Flyball, 78D)
Batting: RHB Pete Harvey 0-0: Called Strike
0-1: Called Strike
0-2: Ball
1-2: Ball
2-2: Ground out 5-3 (Groundball, 5)
Batting: RHB Teddy Bates 0-0: Swinging Strike
0-1: Ball
1-1: Foul Ball, location: 2F
1-2: Strikes out swinging
Bottom of the 4th over - 0 run(s), 1 hit(s), 0 error(s), 1 left on base; Austin 1 - Pocatello 2
TOP OF THE 5TH
Austin River Sharks batting - Pitching for Pocatello Boccabellas : LHP Rod Adams
Batting: RHB Rich Ruffin 0-0: Foul Ball, location: 2F
0-1: Ball
1-1: Foul Ball, location: 2F
1-2: Ball
2-2: Strikes out swinging
Batting: LHB Pedro Zaragoza 0-0: SINGLE (Line Drive, 8LS)
Batting: SHB Juan Castro 0-0: Called Strike
0-1: Ball
1-1: Ball
2-1: Called Strike
2-2: Foul Ball, location: 2F
2-2: Strikes out looking
Batting: RHB Kenneth Roberts 0-0: Called Strike
0-1: DOUBLE (Line Drive, 78XD)
Pedro Zaragoza to third
Batting: LHB Miguel Pérez 0-0: Called Strike
0-1: Fly out, F7 (Flyball, 7LD)
Top of the 5th over - 0 run(s), 2 hit(s), 0 error(s), 2 left on base; Austin 1 - Pocatello 2
BOTTOM OF THE 5TH
Pocatello Boccabellas batting - Pitching for Austin River Sharks : LHP Walter Bamber
Batting: RHB Rodrigo Gallegos 0-0: Ball
1-0: SINGLE (Groundball, 6MD)
Batting: RHB José Delgado 0-0: Ball
1-0: DOUBLE (Groundball, 5L)
Rodrigo Gallegos to third
Batting: RHB Marlon Phipps 0-0: Intentional Walk
Batting: RHB Francisco Sandoval 0-0: Ball
1-0: Foul Ball, location: 2F
1-1: Ball
2-1: Swinging Strike
2-2: Foul Ball, location: 2F
2-2: Foul Ball, location: 2F
2-2: Strikes out swinging
Batting: RHB Pedro Guzmán 0-0: Ball
1-0: Ball
2-0: Foul Ball, location: 2F
2-1: Foul Ball, location: 2F
2-2: Foul Ball, location: 2F
2-2: Foul Ball, location: 2F
2-2: Foul Ball, location: 2F
2-2: Grounds into double play, 5-4-3 (Groundball, 5)
Bottom of the 5th over - 0 run(s), 2 hit(s), 0 error(s), 2 left on base; Austin 1 - Pocatello 2
TOP OF THE 6TH
Austin River Sharks batting - Pitching for Pocatello Boccabellas : LHP Rod Adams
Batting: RHB Tyler Wagner 0-0: Called Strike
0-1: Foul Ball, location: 2F
0-2: Ball
1-2: Strikes out looking
Batting: RHB Hidetada Kichida 0-0: Called Strike
0-1: Bunt for hit - play at first, batter OUT! 5-3
Batting: LHB Roberto García 0-0: Ball
1-0: Called Strike
1-1: Swinging Strike
1-2: DOUBLE (Flyball, 89XD)
Batting: LHB Luis Padilla 0-0: Ball
1-0: Swinging Strike
1-1: Ball
2-1: Ball
3-1: Fly out, F8 (Flyball, 8RS)
Top of the 6th over - 0 run(s), 1 hit(s), 0 error(s), 1 left on base; Austin 1 - Pocatello 2
BOTTOM OF THE 6TH
Pocatello Boccabellas batting - Pitching for Austin River Sharks : LHP Walter Bamber
Pitching: RHP Daniel Morris
Batting: LHB Norberto Muñóz 0-0: Ball
1-0: Ball
2-0: Called Strike
2-1: Foul Ball, location: 2F
2-2: Strikes out swinging
Batting: RHB Keith Kirkpatrick 0-0: Foul Ball, location: 2F
0-1: Ball
1-1: Fly out, F3 (Popup, 3F)
Batting: RHB Pete Harvey 0-0: Ball
1-0: Swinging Strike
1-1: Foul Ball, location: 2F
1-2: Ball
2-2: Foul Ball, location: 2F
2-2: Strikes out swinging
Bottom of the 6th over - 0 run(s), 0 hit(s), 0 error(s), 0 left on base; Austin 1 - Pocatello 2
TOP OF THE 7TH
Austin River Sharks batting - Pitching for Pocatello Boccabellas : LHP Rod Adams
Now at 3B: Sugita Ito
Batting: RHB Rich Ruffin 0-0: Ball
1-0: Called Strike
1-1: Ball
2-1: Ball
3-1: Swinging Strike
3-2: Fly out, F4 (Line Drive, 4M)
Batting: LHB Pedro Zaragoza 0-0: Ball
1-0: SINGLE (Groundball, 5D)
Pinch Hitting: RHB José Balina 0-0: Ball
1-0: Swinging Strike
1-1: Ball
2-1: Called Strike
2-2: Strikes out swinging
Batting: RHB Kenneth Roberts Pickoff Throw to First - Out!
Top of the 7th over - 0 run(s), 1 hit(s), 0 error(s), 0 left on base; Austin 1 - Pocatello 2
BOTTOM OF THE 7TH
Pocatello Boccabellas batting - Pitching for Austin River Sharks : RHP Daniel Morris
Now at 3B: Juan Acevado
Batting: RHB Teddy Bates 0-0: Ball
1-0: Foul Ball, location: 2F
1-1: Foul Ball, location: 2F
1-2: Ground out 5-3 (Groundball, 56)
Batting: RHB Rodrigo Gallegos 0-0: Called Strike
0-1: SINGLE (Line Drive, 9S)
Pinch Hitting: LHB Juan Cortés 0-0: Ball
1-0: 2-RUN HOME RUN (Line Drive, 78XD), Distance : 413 ft
Batting: RHB Marlon Phipps 0-0: Foul Ball, location: 2F
0-1: SINGLE (Groundball, 6MS)
Batting: RHB Francisco Sandoval 0-0: SINGLE (Flyball, 7LS)
Marlon Phipps to second
Batting: RHB Sugita Ito 0-0: Called Strike
0-1: Swinging Strike
0-2: Ball
1-2: Fly out, F9 (Line Drive, 9LM)
Batting: LHB Norberto Muñóz 0-0: Called Strike
0-1: Foul Ball, location: 2F
0-2: Foul Ball, location: 2F
0-2: Strikes out swinging
Bottom of the 7th over - 2 run(s), 4 hit(s), 0 error(s), 2 left on base; Austin 1 - Pocatello 4
TOP OF THE 8TH
Austin River Sharks batting - Pitching for Pocatello Boccabellas : LHP Rod Adams
Pitching: RHP Jesse Moser
Now at 2B: Jesús Ramírez
Batting: RHB Kenneth Roberts 0-0: Fly out, F9 (Flyball, 9LS)
Batting: LHB Miguel Pérez 0-0: Ball
1-0: DOUBLE (Line Drive, 8RS)
Pitching: RHP Bill Lowe
Pinch Runner at 2nd Reginaldo Jaconelli:
Batting: RHB Tyler Wagner 0-0: Ball
1-0: Ball
2-0: Called Strike
2-1: Called Strike
2-2: Ball
3-2: Strikes out swinging
Batting: RHB Hidetada Kichida 0-0: Called Strike
0-1: SINGLE (Line Drive, 8RS)
Reginaldo Jaconelli to third
Pitching: LHP Adrián León
Batting: LHB Roberto García 0-0: Called Strike
0-1: Ball
1-1: Foul Ball, location: 2F
1-2: Ball
2-2: Ground out 4-3 (Groundball, 4)
Top of the 8th over - 0 run(s), 2 hit(s), 0 error(s), 2 left on base; Austin 1 - Pocatello 4
BOTTOM OF THE 8TH
Pocatello Boccabellas batting - Pitching for Austin River Sharks : RHP Daniel Morris
Pitching: RHP Armen Boyajian
Now in CF: Reginaldo Jaconelli
Batting: RHB Keith Kirkpatrick 0-0: Swinging Strike
0-1: Ground out 4-3 (Groundball, 4)
Batting: RHB Pete Harvey 0-0: Ball
1-0: Called Strike
1-1: Ball
2-1: Foul Ball, location: 2F
2-2: Foul Ball, location: 2F
2-2: Foul Ball, location: 2F
2-2: Ground out 6-3 (Groundball, 6)
Batting: RHB Teddy Bates 0-0: Foul Ball, location: 2F
0-1: Ball
1-1: Ground out 6-3 (Groundball, 6)
Bottom of the 8th over - 0 run(s), 0 hit(s), 0 error(s), 0 left on base; Austin 1 - Pocatello 4
TOP OF THE 9TH
Austin River Sharks batting - Pitching for Pocatello Boccabellas : LHP Adrián León
Pitching: RHP Adrián Martínez
Batting: LHB Luis Padilla 0-0: Called Strike
0-1: Called Strike
0-2: SINGLE (Groundball, 34D)
Batting: RHB Rich Ruffin 0-0: DOUBLE (Line Drive, 9LD)
Luis Padilla to third
Batting: LHB Pedro Zaragoza 0-0: Swinging Strike
0-1: DOUBLE (Line Drive, 9LD)
Luis Padilla scores
Rich Ruffin scores
Batting: SHB Juan Acevado 0-0: Ball
1-0: Sac Bunt - play at first, batter OUT! 2-3
Pedro Zaragoza to third
Batting: RHB Kenneth Roberts 0-0: Fly out, F8 (Flyball, 8RD)
Runner from 3rd tags up, SCORES, no throw
Batting: RHB Reginaldo Jaconelli 0-0: Ball
1-0: Ball
2-0: Ball
3-0: Called Strike
3-1: Ground out 5-3 (Groundball, 5S)
Top of the 9th over - 3 run(s), 3 hit(s), 0 error(s), 0 left on base; Austin 4 - Pocatello 4
BOTTOM OF THE 9TH
Pocatello Boccabellas batting - Pitching for Austin River Sharks : RHP Armen Boyajian
Pinch Hitting: LHB David Monahan 0-0: Ball
1-0: Ball
2-0: Foul Ball, location: 2F
2-1: Ground out 4-3 (Groundball, 4M)
Batting: LHB Jesús Ramírez 0-0: Ball
1-0: Called Strike
1-1: Foul Ball, location: 2F
1-2: Foul Ball, location: 2F
1-2: Ground out 1-3 (Groundball, 13)
Batting: RHB Marlon Phipps 0-0: Ball
1-0: Ball
2-0: Foul Ball, location: 2F
2-1: Foul Ball, location: 2F
2-2: Ground out 6-3 (Groundball, 6S)
Bottom of the 9th over - 0 run(s), 0 hit(s), 0 error(s), 0 left on base; Austin 4 - Pocatello 4
TOP OF THE 10TH
Austin River Sharks batting - Pitching for Pocatello Boccabellas : RHP Adrián Martínez
Now in CF: David Monahan
Batting: RHB Tyler Wagner 0-0: Foul Ball, location: 2F
0-1: Called Strike
0-2: Ball
1-2: Strikes out looking
Batting: RHB Hidetada Kichida 0-0: Called Strike
0-1: Ball
1-1: Called Strike
1-2: Foul Ball, location: 2F
1-2: Ball
2-2: Ball
3-2: Fly out, F7 (Flyball, 7LD)
Batting: LHB Roberto García 0-0: Swinging Strike
0-1: Ball
1-1: Called Strike
1-2: Ball
2-2: Ball
3-2: DOUBLE (Line Drive, 7LM)
Batting: LHB Luis Padilla 0-0: Ball
1-0: SINGLE (Line Drive, 4MD)
Roberto García to third
Batting: RHB Rich Ruffin 0-0: Called Strike
0-1: Foul Ball, location: 2F
0-2: Ball
Wild Pitch!
Roberto García scores
Luis Padilla to second
1-2: Foul Ball, location: 2F
1-2: Ground out 5-3 (Groundball, 5S)
Top of the 10th over - 1 run(s), 2 hit(s), 0 error(s), 1 left on base; Austin 5 - Pocatello 4
BOTTOM OF THE 10TH
Pocatello Boccabellas batting - Pitching for Austin River Sharks : RHP Armen Boyajian
Pitching: LHP Miguel Martínez
Batting: RHB Francisco Sandoval 0-0: Swinging Strike
0-1: Ground out 6-3 (Groundball, 6M)
Batting: RHB Sugita Ito 0-0: Called Strike
0-1: Ball
1-1: Ball
2-1: Called Strike
2-2: Strikes out swinging
Batting: LHB Norberto Muñóz 0-0: Ball
1-0: Ball
2-0: Fly out, F8 (Flyball, 8LD)
Bottom of the 10th over - 0 run(s), 0 hit(s), 0 error(s), 0 left on base; Austin 5 - Pocatello 4
This league is powered by Out of the Park Baseball, the baseball management simulation game for PC, Mac and Linux
Saturday, April 9th, 2016 - OOTP Baseball 16.8 Build 38